 Dungeon Crawl Stone Soup version 0.22-a0-422-g9628fc8 (webtiles) character file.

116 KristoblXynda the Ruffian (level 4, 0/39 HPs)
             Began as a Troll Wizard on May 21, 2018.
             Slain by an adder (2 damage)
             ... on level 2 of the Dungeon.
             The game lasted 00:04:16 (1574 turns).

KristoblXynda the Ruffian (Troll Wizard)            Turns: 1574, Time: 00:04:17

Health: 0/39       AC:  5    Str: 15    XL:     4   Next: 69%
Magic:  6/6        EV:  9    Int: 20    God:
Gold:   124        SH:  0    Dex:  8    Spells: 6/7 levels left

rFire    . . .     SeeInvis .     - Unarmed
rCold    . . .     Gourm    +   (no shield)
rNeg     . . .     Faith    .   a - +0 robe
rPois    .         Spirit   .   b - +0 hat
rElec    .         Reflect  .   (no cloak)
rCorr    +         Harm     .   (gloves unavailable)
MR       .....                  (boots unavailable)
Stlth    +.........             (no amulet)
HPRegen  0.53/turn              p - ring of resist corrosion
MPRegen  0.10/turn              (no ring)

@: brilliant, lethally poisoned (0 -> 0)
A: large, unfitting armour, claws 3, fast metabolism 3, gourmand, regeneration
1, shaggy fur 1, tough skin 2
a: no special abilities


You were on level 2 of the Dungeon.
You were very full.

You visited 1 branch of the dungeon, and saw 3 of its levels.

You collected 124 gold pieces.

Inventory:

Armour
 a - a +0 robe (worn)
 b - a +0 hat (worn)
Jewellery
 f - an uncursed amulet of regeneration {unknown}
 p - a ring of resist corrosion (left claw)
 q - an uncursed amulet of guardian spirit {unknown}
Scrolls
 c - 2 scrolls of magic mapping
 e - 2 scrolls of identify {unknown}
 h - 2 scrolls of fear {unknown}
 i - a scroll of immolation {unknown}
 k - a scroll of amnesia {unknown}
 l - 2 scrolls of teleportation {unknown}
 m - a scroll of fog {unknown}
Potions
 g - a potion of brilliance
 n - 2 potions of lignification {unknown}
 o - a potion of curing {unknown}
Comestibles
 d - 8 rations


   Skills:
 - Level 1.5 Dodging
 - Level 1.0 Stealth
 * Level 3.0 Unarmed Combat
 - Level 2.0 Spellcasting
 * Level 2.4 Conjurations
   Level 0.6 Summonings
   Level 0.6 Translocations


You had 6 spell levels left.
You knew the following spells:

 Your Spells              Type           Power        Failure   Level  Hunger
a - Magic Dart            Conj           ###.         1%          1    #......

Your spell library contained the following spells:

 Spells                   Type           Power        Failure   Level  Hunger
 Conjure Flame            Conj/Fire      ###.....     3%          3    ###....
 Slow                     Hex            ##......     3%          2    ##.....
 Mephitic Cloud           Conj/Pois/Air  ###.....     4%          3    ###....
 Blink                    Tloc           N/A          2%          2    ##.....
 Call Imp                 Summ           ###.....     2%          2    ##.....


Dungeon Overview and Level Annotations

Branches:
Dungeon (3/15)

Altars:


Innate Abilities, Weirdness & Mutations

You are too large for most types of armour.
You have claws for hands.
Your metabolism is lightning-fast.
You like to eat raw meat.
Your natural rate of healing is unusually fast.
You are covered in fur. (AC +1)
You have very tough skin. (AC +2)


Message History

There is an escape hatch in the ceiling here.
The adder bites you.
* * * LOW HITPOINT WARNING * * *
You are more poisoned.
The adder poisons you! A mysterious force pulls you upwards.
The hatch slams shut behind you.
You feel sick.
You scratch the adder but do no damage. The adder barely misses you.
You claw the adder!
The adder is almost dead.
You feel sick. The adder bites you.
* * * LOW HITPOINT WARNING * * *
The adder bites you.
* * * LOW HITPOINT WARNING * * *
You are more poisoned.
The adder poisons you!
It was a potion of brilliance.
You feel clever all of a sudden.
You feel sick. The adder bites you.
You die...

#......####.##.#.##
#.##...####
#.####........###.#
#.......<.# #.#
######.##.#.##
######.##.# #†#
#.###.## #.##.##
#.## ##.# #.#
#.##... #..# #..#
#.# #.#####
##.#######.## #.#
#...... #.#.....#.#
#S# ######.
###.#.#.#.#.# #@# #.
#.#...#.#...####.###
#.
#.#####.#####......#
#.
#.#...#.#...####.#.#
#. #.#.#.#.#.#.#
#...# #.
#.#.#.....#.# ##..#
#. #.#.#######.#
#..# #. #.#..# #.#
#..## #. #.##.#
#.#####.#.## #.


You could see an adder.

Vanquished Creatures
  A gnoll (D:1)
  4 adders (D:2)
  An ooze (D:1)
  A worm (D:2)
  3 dart slugs (D:1)
  A leopard gecko (D:1)
  A ball python (D:1)
  6 bats
  4 giant cockroaches
  5 goblins
  8 hobgoblins
  4 jackals (D:1)
  6 kobolds
  A quokka (D:2)
  A frilled lizard (D:2)
  7 rats
  A toadstool (D:1)
55 creatures vanquished.

Vanquished Creatures (others)
  3 toadstools (D:1)
3 creatures vanquished.

Grand Total: 58 creatures vanquished

Notes
Turn   | Place    | Note
-------+----------+-------------------------------------------
     0 | D:1      | KristoblXynda the Troll Wizard began the quest for the Orb.
     0 | D:1      | Reached XP level 1. HP: 16/16 MP: 2/2
   102 | D:1      | Reached skill level 1 in Conjurations
   108 | D:1      | Reached skill level 1 in Unarmed Combat
   152 | D:1      | Reached XP level 2. HP: 24/24 MP: 4/4
   296 | D:1      | Reached XP level 3. HP: 13/31 MP: 5/5
   305 | D:1      | Reached skill level 2 in Unarmed Combat
   737 | D:2      | Reached XP level 4. HP: 39/39 MP: 6/6
  1242 | D:2      | Reached skill level 3 in Unarmed Combat
  1574 | D:2      | Slain by an adder

Vault maps used:
D:1:      ldierk_water_garden
D:2:      minmay_misc_feat_ornament
D:3:      chequers_ecumenical_altar_island

Skill      XL: |  1  2  3  4 |
---------------+-------------+-----
Conjurations   | 1 2 |  2.4
Unarmed Combat | 1 2 3 |  3.0
Dodging        | |  1.5
Stealth        | |  1.0
Spellcasting   | |  2.0
Summonings     | |  0.6
Translocations | |  0.6

Action                   |  1- 3 |  4- 6 || total
-------------------------+-------+-------++-------
Melee: Unarmed           |   103 |    93 ||   196
  Use: Scroll            |       |     1 ||     1
       Potion            |       |     1 ||     1
 Stab: Sleeping          |       |     2 ||     2
  Eat: Chunk             |    12 |     6 ||    18
Armor: Robe              |    45 |    34 ||    79
Dodge: Dodged            |    87 |    49 ||   136

Table legend:
 A = Spawn XP
 B = Non-spawn XP
 C = Spawn XP percentage of total XP
 D = Spawn monster count
 E = Non-spawn monster count
 F = Spawn count percentage of total count
 G = Total turns spent on level
                    A         B        C        D         E        F      G
               +---------+---------+-------+---------+---------+-------+---------
         Total |       0 |     166 |   0.0 |       0 |      54 |   0.0 |  1574
               +---------+---------+-------+---------+---------+-------+---------
           D:1 |       0 |      72 |   0.0 |       0 |      26 |   0.0 |   716
           D:2 |       0 |      93 |   0.0 |       0 |      27 |   0.0 |   815
           D:3 |       0 |       1 |   0.0 |       0 |       1 |   0.0 |    43
               +---------+---------+-------+---------+---------+-------+---------
